 Dungeon Crawl Stone Soup version 0.28.0-53-g5a82cb258f (webtiles) character file.

Game seed: 14694373594435295363

4343 VictoriousLee the Frost Mage (level 10, -4/71 HPs)
             Began as a Barachi Ice Elementalist on June 9, 2022.
             Was a Believer of Vehumet.
             Slain by a troll (12 damage)
             ... on level 8 of the Dungeon on June 10, 2022.
             The game lasted 00:44:09 (8871 turns).

VictoriousLee the Frost Mage (BaIE)                 Turns: 8871, Time: 00:44:11

Health: -4/71      AC:  4    Str: 17    XL:     10   Next: 34%
Magic:  3/8        EV: 12    Int: 23    God:    Vehumet [**....]
Gold:   194        SH:  5    Dex: 12    Spells: 9/19 levels left

rFire   . . .      SeeInvis .   H - +7 scimitar "Favoink" {vorpal, rPois MP-9 Str+7 Int+3}
rCold   . . .      Faith    .   (no shield)
rNeg    . . .      Spirit   .   a - +0 robe
rPois   +          Reflect  +   (no helmet)
rElec   .          Harm     .   j - scarf {+Inv}
rCorr   .          Rampage  .   s - +1 pair of gloves
Will    .....                   (no boots)
Stlth   ++........              n - amulet of reflection
HPRegen 0.21/turn               (no ring)
MPRegen 0.11/turn               (no ring)

@: freezing walls, slow
A: amphibious, slowness 1, strong legs 1, +LOS
a: Hop, Renounce Religion, Evoke Invisibility


You were on level 8 of the Dungeon.
You worshipped Vehumet.
Vehumet was pleased with you.
You visited 2 branches of the dungeon, and saw 9 of its levels.

You collected 264 gold pieces.
You spent 70 gold pieces at shops.

Inventory:

Hand Weapons
 d - a +0 club
 h - a +0 dagger
 r - a +1 whip of electrocution
 x - a +1 dagger of freezing
 H - the +7 scimitar "Favoink" (weapon) {vorpal, rPois MP-9 Str+7 Int+3}
   (You found it on level 7 of the Dungeon)

   It inflicts extra damage upon your enemies.
   Str:       It affects your strength (+7).
   Int:       It affects your intelligence (+3).
   rPois:     It protects you from poison.
   MP:        It affects your magic capacity (-9).
 M - a +0 vampiric short sword
 N - a +0 hand crossbow
 O - a +1 whip of venom
 P - a +0 whip of pain
Missiles
 c - 233 stones
 m - 73 bolts
 q - 135 arrows
 u - 31 poisoned darts
 B - 17 sling bullets
 D - 5 boomerangs
 F - 4 curare-tipped darts
Armour
 a - a +0 robe (worn)
 g - an orb of guile
 i - a +0 scale mail
 j - a scarf of invisibility (worn)
 p - a +0 leather armour
 s - a +1 pair of gloves (worn)
 v - a +0 chain mail
 C - a +0 cloak
Jewellery
 b - an amulet of regeneration
 n - an amulet of reflection (around neck)
Wands
 y - a wand of iceblast (13)
Scrolls
 o - 2 scrolls of brand weapon {unknown}
 w - 3 scrolls of teleportation
 A - a scroll of magic mapping {unknown}
 E - a scroll of acquirement {unknown}
 J - a scroll of blinking {unknown}
 K - a scroll of amnesia
 L - a scroll of vulnerability {unknown}
Potions
 e - 2 potions of heal wounds
 f - 2 potions of degeneration
 k - a potion of curing
 l - a potion of mutation
 t - a potion of haste {unknown}
 z - a potion of ambrosia {unknown}
 G - 3 potions of attraction {unknown}
 I - a potion of lignification


   Skills:
 - Level 4.1 Fighting
 * Level 7.1 Long Blades
 - Level 2.1 Dodging
 - Level 1.7 Stealth
 - Level 5.0 Spellcasting
 - Level 10.1 Conjurations
 - Level 10.5 Ice Magic


You had 9 spell levels left.
You knew the following spells:

 Your Spells              Type           Power      Damage    Failure   Level
a - Freeze                Ice            100%       1d11      1%          1
b - Magic Dart            Conj           100%       1d8       1%          1
c - Sandblast             Erth           10%        2d5       10%         1
d - Hailstorm             Conj/Ice       52%        3d12      1%          4
f - Frozen Ramparts       Ice            100%       1d12      1%          3

Your spell library contained the following spells:

 Spells                   Type           Power      Damage    Failure   Level
 Scorch                   Fire           10%        2d5       14%         2
 Ozocubu's Armour         Ice            52%        N/A       1%          3
 Mephitic Cloud           Conj/Pois/Air  21%        N/A       7%          3
 Call Imp                 Summ           5%         N/A       14%         2
 Corpse Rot               Necr/Air       10%        N/A       14%         2
 Poisonous Vapours        Pois/Air       10%        N/A       14%         2
 Summon Guardian Golem    Hex/Summ       5%         N/A       28%         3
 Tukima's Dance           Hex            5%         N/A       28%         3
 Passage of Golubria      Tloc           5%         N/A       67%         4
 Orb of Destruction       Conj           25%        9d9       77%         7
 Yara's Violent Unravell  Hex/Tmut       2%         3d3       95%         5
 Spellforged Servitor     Conj/Summ      14%        N/A       100%        7


Dungeon Overview and Level Annotations

Branches:
Dungeon (8/15)             Temple (1/1) D:4
   Lair: D:8-11

Altars:
Ashenzari
Cheibriados
Dithmenos
Elyvilon
Fedhas
Gozag
Hepliaklqana
Kikubaaqudgha
Makhleb
Nemelex Xobeh
Ru
Sif Muna
Trog
Uskayaw
Vehumet
Wu Jian
Xom
Yredelemnul
Zin
The Shining One

Shops:
D:7 ?

Annotations:
D:7 3 runed translucent doors, bnorton916's ghost, novice DEFE


Innate Abilities, Weirdness & Mutations

You are amphibious.
You cover ground slowly.
You can hop short distances.
You have an extended range of vision and can be seen from far away.


Message History

The centaur shouts!
The wall freezes the centaur.
The centaur barely misses you. The centaur kicks you.
You hit the centaur.
The centaur is heavily wounded.
The wall freezes the centaur!
The centaur hits you.
The centaur kicks you but does no damage.
You slash the centaur!
You kill the centaur!
Vehumet accepts your kill.
The wall freezes the centaur.
The centaur shoots an arrow.
The arrow closely misses you.
The wall freezes the centaur.
The centaur shoots an arrow.
The arrow hits you.
The wall freezes the centaur!
The wall freezes the centaur.
The centaur shoots an arrow.
The arrow barely misses you.
The wall freezes the centaur.
You kill the centaur!
Vehumet accepts your kill.
Your Long Blades skill increases to level 7!
The frozen ramparts melt away as you move.
A wolf, a troll and a hound come into view.
The wolf howls!
The hound barks!
Things that are here:
a +0 shortbow; 22 arrows; a centaur corpse
Casting: Frozen Ramparts (safe; 1% risk of failure)
Confirm with . or Enter, or press ? or * to list all spells.
Casting: Frozen Ramparts (safe; 1% risk of failure)
Press: ? - help, Dir - look around, f - activate The walls around you are covered in ice.
A wolf comes into view.
A hound comes into view.
The wall freezes the troll.
The troll bites you. The troll claws you! x2
The wolf moves out of view.
You barely miss the troll.
The troll is lightly wounded.
The wall freezes the troll.
The troll bites you!
* * * LOW HITPOINT WARNING * * *
The troll claws you!
* * * LOW HITPOINT WARNING * * *
The troll claws you!
You die...

#######..##.#
#.####.####### #.
#.......# #.
#.#####.# # #.#
#.######### #>#
#.......... #.#
#.#########
#.#####.....#
#..).@....#......
###.T#..#........
>....##.#########
.....h.. ..#
..≈.......##
≈≈..h.≈..#
≈≈.≈.≈...
≈≈≈h≈≈...
≈≈≈≈≈≈≈.


You could see a troll, a wolf and 2 hounds.

Vanquished Creatures
  Pikel (D:7)
  A kobold demonologist (D:8)
  A wyvern (D:4)
  2 water moccasins
  Duvessa (D:7)
  An orc warrior (D:7)
  2 ogres
  A black bear (D:6)
  4 centaurs
  5 phantoms
  2 lemures (D:7)
  2 bullfrogs
  9 kobold brigands
  Blork the orc (D:6)
  4 scorpions
  A water moccasin zombie (D:6)
  2 wyvern skeletons
  Dowan (D:7)
  5 killer bees (D:7)
  2 howler monkeys (D:7)
  A centaur zombie (D:6)
  A bullfrog zombie (D:4)
  An orc priest (D:5)
  A centaur skeleton (D:7)
  2 jellies (D:7)
  A gnoll shaman (D:7)
  2 hounds (D:6)
  A bullfrog skeleton (D:6)
  2 iguanas
  Ijyb (D:5)
  2 orc wizards
  A killer bee zombie (D:7)
  A hound zombie (D:5)
  A mummy (D:7)
  4 gnolls
  An adder (D:3)
  An adder skeleton (D:4)
  A worm (D:3)
  A dart slug (D:4)
  4 orcs
  7 ball pythons
  5 bats
  4 endoplasms
  4 giant cockroaches
  4 goblins
  5 hobgoblins
  23 kobolds
  4 quokkas
  3 frilled lizards
  6 rats
143 creatures vanquished.

Vanquished Creatures (others)
  3 fungi (D:7)
  A plant (D:7)
4 creatures vanquished.

Grand Total: 147 creatures vanquished

Notes
Turn   | Place    | Note
-------+----------+-------------------------------------------
     0 | D:1      | VictoriousLee the Barachi Ice Elementalist began the quest
                  | for the Orb.
     0 | D:1      | Reached XP level 1. HP: 13/13 MP: 3/3
    38 | D:1      | Reached skill level 5 in Ice Magic
    38 | D:1      | Reached XP level 2. HP: 14/19 MP: 0/5
   413 | D:1      | Reached XP level 3. HP: 24/24 MP: 3/6
   478 | D:1      | Learned a level 3 spell: Frozen Ramparts
  1552 | D:2      | Found a faded altar of an unknown god.
  2322 | D:3      | Reached XP level 4. HP: 30/30 MP: 7/7
  2676 | D:4      | Noticed a wyvern
  2684 | D:4      | Killed a wyvern
  2685 | D:4      | Reached XP level 5. HP: 3/35 MP: 1/9
  3008 | D:4      | You fall into a shaft and drop 3 floors!
  3043 | D:7      | Reached XP level 6. HP: 41/41 MP: 4/10
  3141 | D:5      | Entered Level 5 of the Dungeon
  3362 | D:4      | HP: 2/41 [bullfrog zombie (6)]
  3364 | D:4      | Reached XP level 7. HP: 2/46 MP: 7/11
  3685 | D:4      | Reached skill level 1 in Fighting
  3726 | D:4      | Found a staircase to the Ecumenical Temple.
  3754 | Temple   | Entered the Ecumenical Temple
  4098 | Temple   | Became a worshipper of Vehumet
  4184 | D:4      | Reached skill level 10 in Ice Magic
  4996 | D:5      | Reached XP level 8. HP: 55/60 MP: 0/12
  4998 | D:5      | Learned a level 1 spell: Magic Dart
  5107 | D:5      | Noticed Ijyb
  5118 | D:5      | Killed Ijyb
  5304 | D:5      | Reached skill level 1 in Conjurations
  6451 | D:6      | Reached skill level 5 in Conjurations
  6808 | D:6      | Noticed Blork the orc
  6815 | D:6      | Killed Blork the orc
  6816 | D:6      | Reached XP level 9. HP: 60/65 MP: 8/16
  6937 | D:7      | Reached skill level 5 in Spellcasting
  6945 | D:7      | Reached * piety under Vehumet
  6945 | D:7      | Offered knowledge of Sandblast by Vehumet.
  7145 | D:7      | Learned a level 1 spell: Sandblast
  7168 | D:7      | Noticed a kobold demonologist
  7169 | D:7      | Found a runed translucent gate.
  7170 | D:7      | Found a runed translucent gate.
  7171 | D:7      | Found a runed translucent gate.
  7174 | D:7      | Noticed bnorton916's ghost (novice DEFE)
  7251 | D:7      | Found Guliuz's Magic Scroll Emporium.
  7531 | D:7      | Bought a scroll of teleportation for 42 gold pieces
  7531 | D:7      | Bought a scroll of identify for 28 gold pieces
  7733 | D:7      | Noticed Pikel
  7756 | D:7      | Killed Pikel
  7849 | D:7      | Identified the +7 scimitar "Favoink" {vorpal, rPois MP-9
                  | Str+7 Int+3}
  7853 | D:7      | Noticed Duvessa
  7853 | D:7      | Noticed Dowan
  7863 | D:7      | Killed Duvessa
  7864 | D:7      | Reached skill level 10 in Conjurations
  7866 | D:7      | Killed Dowan
  7932 | D:7      | Reached skill level 1 in Long Blades
  8279 | D:7      | Reached XP level 10. HP: 71/71 MP: 3/17
  8628 | D:7      | Learned a level 4 spell: Hailstorm
  8645 | D:8      | Noticed a kobold demonologist
  8655 | D:8      | Killed a kobold demonologist
  8656 | D:8      | Reached skill level 5 in Long Blades
  8671 | D:8      | Reached ** piety under Vehumet
  8673 | D:8      | Offered knowledge of Scorch by Vehumet.
  8871 | D:8      | Slain by a troll

Illustrated notes

Levels and vault maps discovered:
D:1:      lightli_arrival_isolated_outpost, layout_basic, serial_bayou,
          serial_bayou_pond_b, serial_bayou_lake_a, serial_bayou_crossing,
          serial_bayou_pond_d
D:2:      layout_basic, hellmonk_ecumenical_altar_crossroads
D:3:      layout_loops_ring
D:4:      layout_gridville, minmay_temple_entry_stoned_glass
D:5:      layout_basic, uniq_ijyb
D:6:      layout_loops_cross, minmay_strange_pillars, roderic_lattice_a,
          uniq_blork_the_orc
D:7:      layout_gridville, gup_ossuary_entry_pyramid,
          gammafunk_ghost_nasty_kobolds, kennysheep_diamond, uniq_duvessa,
          uniq_pikel
D:8:      layout_loops_ring, erik_lair_island, special_room
          [special_room_kobold]
Temple:   mainiacjoe_temple_cubbyholes

Skill      XL: |  1  2  3  4  5  6  7  8  9 10 |
---------------+-------------------------------+-----
Ice Magic      | 5 6 8 9 10 | 10.5
Spellcasting   | 3 4 5 |  5.0
Fighting       | 4 |  4.1
Conjurations   | 6 10 | 10.1
Long Blades    | 3 7 |  7.1
Dodging        | |  2.1
Stealth        | |  1.7

Action                   |  1- 3 |  4- 6 |  7- 9 | 10-12 || total
-------------------------+-------+-------+-------+-------++-------
Melee: Club              |    57 |    15 |    20 |       ||    92
       Punch             |     2 |       |     2 |     1 ||     5
       Dagger            |       |       |   168 |       ||   168
       Scimitar          |       |       |    14 |    21 ||    35
 Cast: Freeze            |    39 |    14 |     4 |       ||    57
       Frozen Ramparts   |     7 |     8 |    60 |     6 ||    81
       Magic Dart        |       |       |    85 |       ||    85
       Sandblast         |       |       |    10 |       ||    10
 Abil: Hop               |       |     1 |     2 |       ||     3
Evoke: Wand              |       |       |     1 |       ||     1
  Use: Scroll            |       |     5 |     4 |       ||     9
       Potion            |       |       |     1 |       ||     1
 Stab: Sleeping          |     1 |       |       |       ||     1
Armor: Robe              |    26 |     6 |    48 |     3 ||    83
       Skin              |       |       |     5 |       ||     5
Dodge: Dodged            |    73 |    19 |   125 |    17 ||   234
Block: Other             |       |       |    28 |     3 ||    31
       Reflection        |       |       |       |     1 ||     1
